AoeStats
← rtbold

Northern Isles

510651601Analyzed
1v1 RM · 1d ago on Oct 2, 2026· 18m 8s· 2 players
Game mode
Random Map
Map size
Tiny (2 player)
Population
200
Speed
Normal
Resources
Standard
Victory
Conquest
Starting age
Dark Age
Ending age
Imperial Age
RankedLock teamsTeams togetherTeam positionsShared explorationLock speedFull tech treeHidden civsTurbo modeCheats
Victory
Defeat
🇧🇷 Saracens · Brazil
1083
+17
🇺🇸 Byzantines · United States
1115
-17
hardzin
2:19 Loom
11:26 Feudal Age
12:20 Double-Bit Axe
13:09 Fishing Lines
14:56 Town Watch
14:54 Horse Collar
19:12 Castle Age
17:19 Fletching
rtbold
2:06 Loom
11:29 Feudal Age
18:27 Castle Age
17:56 Double-Bit Axe
Connection lost

Rejoining the realm…

Still unreachable

The connection could not be restored.

Session expired

The server has moved on; the page needs a fresh start.